 Dungeon Crawl Stone Soup version 0.30-a0-859-gf88a04b62d (webtiles) character file.

Game seed: 4118849771961769438

154 112233 the Magician (level 5, 0/29 HPs)
             Began as a Deep Elf Summoner on Mar 6, 2023.
             Killed by divine providence
             ... invoked by an orc priest
              (15 damage)
             ... on level 3 of the Dungeon.
             The game lasted 00:04:47 (3005 turns).

112233 the Magician (Deep Elf Summoner)             Turns: 3005, Time: 00:04:47

Health: 0/29       AC:  2    Str:  5    XL:     5   Next: 13%
Magic:  10/15      EV: 13    Int: 20    God:
Gold:   124        SH:  0    Dex: 15    Spells: 2/15 levels left

rFire   . . .      SeeInvis .    e - staff of conjuration
rCold   . . .      Faith    .    (no shield)
rNeg    . . .      Spirit   .    a - +0 robe
rPois   .          Reflect  .    (no helmet)
rElec   .          Rampage  .    (no cloak)
rCorr   .                        (no gloves)
Will    .....                    (no boots)
Stlth   ++                       (no amulet)
HPRegen 0.24/turn                (no ring)
MPRegen 0.14/turn                (no ring)

@: no status effects
A: dopey 1
a: no special abilities


You were on level 3 of the Dungeon.
You visited 1 branch of the dungeon, and saw 3 of its levels.

You collected 124 gold pieces.

Inventory:

Hand Weapons
 c - a +0 short sword
 j - a +4 heavy falchion
Armour
 a - a +0 robe (worn)
Magical Staves
 e - a staff of conjuration (weapon)
Scrolls
 f - 2 scrolls of identify {unknown}
 g - a scroll of silence {unknown}
 h - a scroll of amnesia {unknown}
 l - a scroll of teleportation {unknown}
Potions
 b - a potion of degeneration {unknown}
 d - a potion of heal wounds
 i - a potion of haste {unknown}
 k - a potion of invisibility {unknown}


   Skills:
 + Level 1.2 Fighting
 + Level 3.5 Dodging
 - Level 2.7 Stealth
 + Level 5.8 Spellcasting
 - Level 4.5 Summonings


You had 2 spell levels left.
You knew the following spells:

 Your Spells              Type           Power      Damage    Failure   Level
a - Summon Small Mammal   Summ           92%        N/A       1%          1
b - Call Imp              Summ           23%        N/A       2%          2
c - Call Canine Familiar  Summ           23%        N/A       4%          3
d - Summon Guardian Gole  Hex/Summ       14%        N/A       13%         3
e - Summon Lightning Spi  Summ/Air       14%        N/A       38%         4

Your spell library contained the following spells:

 Spells                   Type           Power      Damage    Failure   Level
 Sublimation of Blood     Necr           5%         N/A       16%         2
 Petrify                  Tmut/Erth      5%         N/A       71%         4
 Irradiate                Conj/Tmut      4%         3d13      96%         5
 Orb of Destruction       Conj           4%         9d5       100%        7
 Spellforged Servitor     Conj/Summ      11%        N/A       100%        7


Dungeon Overview and Level Annotations

Branches:
Dungeon (3/15)

Altars:


Innate Abilities, Weirdness & Mutations

You are dopey. (Int -2)


Message History

Unknown command.
Casting: Summon Guardian Golem (quite dangerous; 13% risk of failure)
Confirm with . or Enter, or press ? or * to list all spells.
Okay, then.
You aren't carrying any items that you can evoke.
Unknown command.
It was a potion of heal wounds.
You feel much better.
The orc priest looks encouraged for a moment.
Your white imp hits the orc but does no damage.
Unknown command.
Unknown command.
The orc barely misses your white imp.
The orc priest barely misses your hound.
Your white imp gestures at the orc priest.
The puff of frost hits the orc!
The orc dies!
Unknown command.
Your white imp barely misses the orc priest.
Your hound bites the orc priest.
Casting: Summon Guardian Golem (quite dangerous; 13% risk of failure)
Confirm with . or Enter, or press ? or * to list all spells.
The spell is quite dangerous to miscast (4% risk of failure)!
Continue anyway? [Y]es or [N]o only, please.
The spell is quite dangerous to miscast (4% risk of failure)!
Continue anyway?
Okay, then.
Casting: Call Canine Familiar (quite dangerous; 4% risk of failure)
Confirm with . or Enter, or press ? or * to list all spells.
The spell is quite dangerous to miscast (4% risk of failure)!
Continue anyway? [Y]es or [N]o only, please.
The spell is quite dangerous to miscast (4% risk of failure)!
Continue anyway?
Your hound disappears in a puff of smoke!
The orc priest calls down the wrath of Beogh upon you.
Beogh smites you!
The orc priest barely misses your white imp.
Your white imp misses the orc priest.
Unknown command.
The orc priest mumbles some strange prayers to Beogh against you.
Beogh smites you!
Ouch! That really hurt!
You die...

.#)### ....... ..)..# $......
...#.###........
..##.#...$......###############
.).#.#..# #..§9o..............#
#..#....# #.§..5####..........#
#..#...# #..§§o.......##.##..#
#..#... #####h.##.##.#...#..#
##.#.##### ##+@#...#........#
#..#....# #.............#..##
#.......# #...#...##.#.##...#
...#.....# #...##.....#......#
##.#.....# #.......#.....##..#
#.###..## #....##.#.##...#.(#
#.# #..#### #....#............#
..# #.....###..........#...#.##
#.......#.........#...#.##.##.#


You could see 2 orc priests, a friendly guardian golem (summoned), a friendly
hound (summoned, sheltered) and a friendly white imp (summoned, sheltered).

Vanquished Creatures
  2 dart slugs (D:1)
  A ball python (D:1)
3 creatures vanquished.

Vanquished Creatures (collateral kills)
  Terence (D:2)
  An orc wizard (D:3)
  A gnoll (D:1)
  2 adders
  2 dart slugs (D:1)
  8 orcs (D:3)
  3 ball pythons
  6 bats
  6 endoplasms
  A giant cockroach (D:2)
  7 goblins (D:1)
  4 hobgoblins
  2 quokkas (D:1)
  2 frilled lizards (D:1)
  2 kobolds (D:2)
  8 rats
56 creatures vanquished.

Grand Total: 59 creatures vanquished

Notes
Turn   | Place    | Note
-------+----------+-------------------------------------------
     0 | D:1      | 112233 the Deep Elf Summoner began the quest for the Orb.
     0 | D:1      | Reached XP level 1. HP: 10/10 MP: 6/6
   143 | D:1      | Reached XP level 2. HP: 15/15 MP: 8/8
   146 | D:1      | Learned a level 2 spell: Call Imp
   217 | D:1      | Reached skill level 4 in Spellcasting
   406 | D:1      | Reached XP level 3. HP: 19/19 MP: 7/10
   579 | D:1      | Learned a level 3 spell: Call Canine Familiar
  1037 | D:1      | Reached skill level 5 in Spellcasting
  1273 | D:2      | Learned a level 3 spell: Summon Guardian Golem
  1752 | D:2      | Noticed Terence
  1791 | D:2      | Killed Terence
  1792 | D:2      | Reached XP level 4. HP: 17/24 MP: 1/13
  2371 | D:2      | Learned a level 4 spell: Summon Lightning Spire
  2606 | D:3      | Found a faded altar of an unknown god.
  2673 | D:3      | Gained mutation: You are dopey. (Int -2) [potion of
                  | mutation]
  2678 | D:3      | Reached skill level 1 in Fighting
  2701 | D:3      | Reached XP level 5. HP: 27/29 MP: 2/15
  3005 | D:3      | Killed from afar by an orc priest

Illustrated notes

Levels and vault maps discovered:
D:1:      lightli_arrival_statue_moat, layout_basic,
          kennysheep_decorative_pillar, minmay_close_crescents
D:2:      layout_loops_corners, minmay_misc_feat_encased, uniq_terence
D:3:      layout_basic, ebering_ecumenical_altar_rust,
          hangedman_decor_clover_reticule, kennysheep_minor_cross,
          kennysheep_generic_room_12

Skill      XL: |  1  2  3  4 |
---------------+-------------+-----
Spellcasting   | 4 5 |  5.8
Dodging        | 3 |  3.5
Fighting       | 1 |  1.2
Stealth        | |  2.7
Summonings     | |  4.5

Action                     |  1- 3 |  4- 6 || total
---------------------------+-------+-------++-------
  Melee: Unarmed           |     4 |       ||     4
         Short sword       |     8 |       ||     8
         Staff             |       |    14 ||    14
   Cast: Summon Small Mamm |    51 |    17 ||    68
         Call Imp          |    20 |    11 ||    31
         Call Canine Famil |     1 |     7 ||     8
         Summon Guardian G |       |     3 ||     3
    Use: Potion            |       |     5 ||     5
   Stab: Distracted        |       |     1 ||     1
 Armour: Robe              |     5 |     6 ||    11
         Skin              |       |    24 ||    24
  Dodge: Dodged            |    28 |    24 ||    52

Table legend: (Time is in decaauts)
 A = Elapsed time spent in this place.
 B = Non-inter-level travel time spent in this place.
 C = Inter-level travel time spent in this place.
 D = Time resting spent in this place.
 E = Time spent auto-exploring this place.
 F = Levels seen in this place.
 G = Mean time per level.
                   A        B        C        D        E       F      G
               +--------+--------+--------+--------+--------+-----+--------+
         Total |   3009 |   2947 |     62 |    112 |   2103 |   3 | 1003.0 |
       Dungeon |   3009 |   2947 |     62 |    112 |   2103 |   3 | 1003.0 |
               +--------+--------+--------+--------+--------+-----+--------+

Top non-repeatable levels by time:
     D:1: 1236 daAuts
     D:2: 1157 daAuts
     D:3: 615 daAuts
